 Dungeon Crawl Stone Soup version 0.22.0-38-g04b72b8 (webtiles) character file.

277475 Lavandula the Severer (level 19, -1/172 HPs)
             Began as a Centaur Berserker on Aug 31, 2018.
             Was an Elder of Uskayaw.
             Slain by an azure jelly (25 damage)
             ... on level 5 of the Pits of Slime.
             The game lasted 02:07:24 (16637 turns).

Lavandula the Severer (Centaur Berserker)          Turns: 16637, Time: 02:07:25

Health: -1/172     AC: 18    Str: 27 (28) XL:     19   Next: 60%
Magic:  28/28      EV: 12    Int:  6      God:    Uskayaw [****..]
Gold:   34         SH:  0    Dex:  7 (9)  Spells: 26/30 levels left

rFire    + . .     SeeInvis .   m - +8 battleaxe (vamp)
rCold    . . .     Gourm    .   (shield currently unavailable)
rNeg     . . .     Faith    .   S - +0 acid dragon scales
rPois    +         Spirit   .   x - +2 hat {MR+}
rElec    .         Reflect  .   n - +2 cloak {MR+}
rCorr    +         Harm     .   i - +2 pair of gloves
MR       +++..                  (no barding)
Stlth    ..........             p - amulet of regeneration
HPRegen  0.78/turn              a - ring "Tituxih" {rF+ EV+1 Slay+3}
MPRegen  0.21/turn              D - +5 ring of protection

@: about to teleport, corroded, very quick
A: large, hooves 3, icy blue scales 1, iridescent scales 1, blurry vision 1,
deformed body, deterioration 2, speed 2, poison resistance, tough skin 3
}: 2/15 runes: decaying, gossamer
a: Stomp, Line Pass, Renounce Religion


You were on level 5 of the Pits of Slime.
You worshipped Uskayaw.
Uskayaw was aware of your devotion.
You were not hungry.

You visited 7 branches of the dungeon, and saw 40 of its levels.
You also visited: Labyrinth and Ice Cave.

You collected 2637 gold pieces.
You spent 2603 gold pieces at shops.

Inventory:

Hand Weapons
 m - a +8 vampiric battleaxe (weapon)
 Y - a +3 antimagic executioner's axe
Missiles
 l - 17 steel javelins (quivered)
 X - 3 throwing nets
Armour
 g - a scarf of resistance
 i - a +2 pair of gloves (worn)
 n - a +2 cloak of magic resistance (worn)
 w - a +6 plate armour of ponderousness
 x - a +2 hat of magic resistance (worn)
 E - a +3 chain mail of poison resistance
 F - a +0 troll leather armour
 S - +0 acid dragon scales (worn)
 Z - a +2 robe of resistance
Jewellery
 a - the ring "Tituxih" (left hand) {rF+ EV+1 Slay+3}
   (You bought it in a shop on level 14 of the Dungeon)

   [ring of evasion]

   It affects your evasion (+1).
   It affects your accuracy and damage with ranged weapons and melee attacks
   (+3).
   It protects you from fire.
 p - an amulet of regeneration (around neck)
 q - the ring "Fasmogut" {rElec rPois Str+2}
   (You bought it in a shop on level 14 of the Dungeon)

   [ring of poison resistance]

   It affects your strength (+2).
   It insulates you from electricity.
   It protects you from poison.
 D - a +5 ring of protection (right hand)
 G - an uncursed ring of protection from magic
 M - an uncursed ring of protection from cold
 O - an uncursed ring of positive energy
 U - an uncursed ring of see invisible
Wands
 f - a wand of flame (89)
 j - a wand of acid (10)
 o - a wand of iceblast (36)
 y - a wand of enslavement (11)
 A - a wand of disintegration (11)
 H - a wand of polymorph (17)
 K - a wand of scattershot (9)
 L - a wand of paralysis (9)
Scrolls
 b - 2 scrolls of magic mapping
 d - 5 scrolls of fog
 e - 9 scrolls of teleportation
 h - 7 scrolls of remove curse
 k - a scroll of identify
 u - 6 scrolls of fear
 C - 4 scrolls of immolation
 N - 2 scrolls of silence
 T - 2 scrolls of blinking
 V - a scroll of summoning
Potions
 r - 2 potions of brilliance
 s - 6 potions of heal wounds
 t - 3 potions of haste
 v - 3 potions of might
 z - a potion of agility
 I - 2 potions of curing
 J - 2 potions of mutation
 W - 4 potions of ambrosia
Miscellaneous
 B - a phial of floods
 P - 2 phantom mirrors
 Q - a lamp of fire
 R - a box of beasts
Comestibles
 c - 29 rations


   Skills:
 - Level 16.3 Fighting
 - Level 20.0 Axes
 - Level 5.5 Throwing
 - Level 9.5 Armour
 - Level 6.1 Dodging
 - Level 6.2 Spellcasting
 - Level 5.2 Charms
 - Level 4.2 Necromancy
 + Level 11.3 Invocations
 - Level 4.1 Evocations


You had 26 spell levels left.
You knew the following spells:

 Your Spells              Type           Power        Failure   Level  Hunger
a - Regeneration          Chrm/Necr      #.........   13%         3    ###....
g - Apportation           Tloc           #.....       30%         1    #......

Your spell library contained the following spells:

 Spells                   Type           Power        Failure   Level  Hunger
 Animate Skeleton         Necr           N/A          5%          1    #......
 Pain                     Necr           #...         5%          1    #......
 Corpse Rot               Necr           N/A          9%          2    ###....
 Vampiric Draining        Necr           #.........   16%         3    ###....
 Beastly Appendage        Tmut           #.....       30%         1    #......
 Confusing Touch          Hex            #.....       30%         1    #......
 Magic Dart               Conj           #...         30%         1    #......
 Summon Small Mammal      Summ           #...         30%         1    #......
 Ozocubu's Armour         Chrm/Ice       #.......     32%         3    ###....
 Searing Ray              Conj           #.....       43%         2    ###....
 Slow                     Hex            #.......     43%         2    ###....
 Sticks to Snakes         Tmut           #.......     43%         2    ###....
 Animate Dead             Necr           N/A          47%         4    #####..
 Dazzling Spray           Conj/Hex       #.....       67%         3    ###....
 Spider Form              Tmut/Pois      #.........   67%         3    ###....
 Agony                    Necr           #.......     83%         5    ######.
 Cause Fear               Hex            #.........   97%         4    #####..
 Force Lance              Conj/Tloc      #.......     97%         4    #####..
 Fulminant Prism          Conj/Hex       #.........   97%         4    #####..
 Ice Form                 Ice/Tmut       #.......     97%         4    #####..
 Iskenderun's Mystic Bla  Conj           #.......     97%         4    #####..
 Bolt of Draining         Conj/Necr      #.........   98%         5    ######.
 Blade Hands              Tmut           #.........   100%        5    ######.
 Silence                  Hex/Air        #.........   100%        5    ######.
 Bolt of Cold             Conj/Ice       #.........   100%        6    #######
 Invisibility             Hex            #.......     100%        6    #######
 Haunt                    Necr/Summ      #.........   100%        7    #######
 Borgnjor's Revivificati  Necr           #.........   100%        8    #######
 Death's Door             Chrm/Necr      #.........   100%        8    #######
 Infestation              Necr           #.........   100%        8    #######
 Necromutation            Tmut/Necr      #.........   100%        8    #######


Dungeon Overview and Level Annotations

Branches:
Dungeon (15/15)            Temple (0/1) D:6            Lair (6/6) D:11
  Swamp (4/4) Lair:4       Spider (4/4) Lair:2        Slime (5/5) Lair:5
    Orc (2/2) D:10            Elf (0/3) Orc:2        Depths (4/5) D:15
 Vaults: D:13-14

Altars:
Ashenzari
Dithmenos
Gozag
Qazlal
Ru
Uskayaw
Vehumet
Wu Jian
Xom
Zin
The Shining One
Jiyva

Shops:
D:8 *   D:14 =   D:15 :   Orc:1 [}   Orc:2 ([*=

Portals:
Hell: Depths:2
Abyss: Depths:2
Trove: D:10 (give 9 potions of agility)

Annotations:
D:3 Jessica
D:11 3 runed doors, p0werm0de's ghost, novice VSWn
Lair:6 exclusion: 2 oklob plants
Depths:4 Xtahua


Innate Abilities, Weirdness & Mutations

You have hooves in place of feet.
Armour fits poorly on your strangely shaped body.
You cover ground very quickly.
You have extremely tough skin. (AC +3)
You are partially covered in icy blue scales. (AC +2)
You are partially covered in iridescent scales. (AC +2)
Scrolls take you a little longer to read.
Your body often deteriorates upon taking damage.
Your system is resistant to poisons. (rPois)


Message History

You slice the acid blob!!
You feel better.
Your hands burn!
You slash the azure jelly!
You feel better. The acid blob closely misses you.
The azure jelly barely misses you. The azure jelly hits you.
The azure jelly freezes you!!
The azure jelly hits you but does no damage. x2
The acid blob hits you! The acid corrodes you!
You are splashed with acid!
The acid burns!
You resist. The acid blob hits you!!
* * * LOW HITPOINT WARNING * * *
Your body deteriorates!
You feel clumsy. The acid corrodes you!
You are splashed with acid!
The acid burns!
You resist.
* * * LOW HITPOINT WARNING * * *
The azure jelly hits you but does no damage.
The azure jelly barely misses you.
The azure jelly hits you but does no damage.
The azure jelly hits you.
* * * LOW HITPOINT WARNING * * *
The azure jelly hits you.
* * * LOW HITPOINT WARNING * * *
The azure jelly freezes you!!
You die...

..........J.......# #
.................##..
....................#
.................##
...................#
...................#
..............JJ..## ##
..............JJJJ.### #.
...........J.JJJ@JJ..## #.##
#............JJJJJJ...# ..#
#............JJJ.....######.####
##...........JJJJ.......##.....#.
#........<.......................
.....#...........................
#...###.#........................
#.## ###........................
# ####.....................


You could see 10 acid blobs, 8 azure jellies and 7 death oozes.

Vanquished Creatures
  the Royal Jelly (Slime:5)
  Dissolution (Slime:4)
  Margery (Depths:2)
  A lich (Depths:4)
  Gastronok (D:12)
  12 acid blobs
  2 thorn hunters
  3 azure jellies
  4 fire giants
  3 ghost moths
  A frost giant (Depths:2)
  2 emperor scorpions
  An orc warlord (Orc:1)
  4 stone giants
  10 very ugly things
  4 entropy weavers (Spider:3)
  45 slime creatures
  A dire elephant (D:15)
  6 spark wasps
  3 ettins
  2 fire dragons
  Josephine (Swamp:1)
  4 death oozes
  3 great orbs of eyes
  A rakshasa (D:15)
  4 ice dragons
  19 hydras
  Erolcha (D:12)
  4 centaur warriors
  Harold (Orc:1)
  A catoblepas (D:15)
  A queen ant (Lair:2)
  3 two-headed ogres
  2 alligators (Swamp:4)
  4 deep troll earth magi
  4 tengu warriors
  3 orc high priests (Orc:2)
  Nergalle (Lair:3)
  6 hell knights (Depths:2)
  2 unseen horrors
  A glowing orange brain (Depths:1)
  7 deep trolls
  A swamp dragon (shapeshifter) (D:14)
  Pikel (D:9)
  A shambling mangrove (Swamp:1)
  A necromancer (IceCv)
  4 swamp dragons (Swamp:4)
  4 orc knights
  A lindwurm (D:14)
  6 ugly things
  13 orb spiders
  4 deep elf magi
  5 orc sorcerers
  An orb spider (shapeshifter) (Depths:4)
  A salamander (D:15)
  A moth of wrath (Spider:1)
  29 wolf spiders
  2 shining eyes
  6 cyclopes
  4 black mambas
  5 centaur zombies
  Maurice (D:9)
  A torpor snail (shapeshifter) (Depths:1)
  2 eyes of devastation (Slime:5)
  8 spiny frogs
  4 ice statues (IceCv)
  2 yaktaurs
  10 komodo dragons
  A freezing wraith (D:14)
  A rime drake (Lair:3)
  9 demonic crawlers
  4 ice devils (IceCv)
  2 tengu conjurers
  3 meliai (D:14)
  3 tyrant leeches
  26 jumping spiders
  5 polar bears
  A merfolk (D:15)
  6 trolls
  2 bog bodies (Swamp:2)
  Grinder (D:4)
  18 hornets
  26 blink frogs
  5 dream sheep (Lair:6)
  9 hippogriffs
  73 redbacks
  4 centaur simulacra
  2 wyverns
  17 spriggans
  A shadow (Swamp:3)
  4 wraiths
  33 tarantellas
  3 water elementals (Depths:1)
  A golden eye (Slime:4)
  A hog (shapeshifter) (D:15)
  A vampire (D:14)
  3 hungry ghosts
  Grum (D:8)
  2 basilisks
  60 yaks
  Eustachio (D:5)
  7 vampire mosquitoes
  Edmund (D:5)
  2 insubstantial wisps (Swamp:4)
  20 soldier ants
  3 swamp worms
  7 wargs
  A soldier ant (shapeshifter) (D:15)
  14 water moccasins
  5 porcupines
  9 swamp drakes
  7 sky beasts
  3 black bears
  37 orc warriors
  A slave (D:8)
  An eye of draining (shapeshifter) (Depths:1)
  6 eyes of draining
  4 ice beasts
  2 phantoms
  3 boggarts (Lair:6)
  A necrophage (D:12)
  18 wolves
  20 centaurs
  11 ogres
  4 crocodiles
  2 big kobolds
  12 bullfrogs
  A gnoll sergeant (D:5)
  2 wyvern skeletons
  A water moccasin skeleton (D:11)
  4 scorpions
  19 killer bees
  10 wights
  2 howler monkeys
  2 electric eels (D:8)
  A lava snake (Lair:4)
  9 crimson imps
  2 quasits
  2 bullfrog skeletons (D:12)
  A bullfrog zombie (D:5)
  2 jellies (D:6)
  30 orc priests
  2 hounds
  3 centaur skeletons
  Crazy Yiuf (D:5)
  3 iguanas
  Ijyb (D:3)
  30 orc wizards
  32 worker ants
  3 troll simulacra (IceCv)
  2 spriggan simulacra (IceCv)
  A hound skeleton (D:6)
  A howler monkey skeleton (D:10)
  12 adders
  8 gnolls
  A naga simulacrum (IceCv)
  An ogre simulacrum (IceCv)
  A shadow imp (D:15)
  An adder skeleton (D:6)
  An adder zombie (D:10)
  3 worms (D:3)
  3 dart slugs
  7 leopard geckos
  92 orcs
  9 bats
  3 giant cockroaches
  14 goblins
  8 hobgoblins
  4 jackals
  16 kobolds
  2 quokkas
  A ball python (D:2)
  6 frilled lizards
  A leopard gecko skeleton (D:4)
  A quokka skeleton (D:6)
  6 rats
  A butterfly (D:8)
  2 fungi
  2 plants
1202 creatures vanquished.

Vanquished Creatures (collateral kills)
  the Lernaean hydra (Swamp:4)
  An orc warlord (Orc:2)
  An emperor scorpion (Spider:3)
  A minotaur (Lab)
  A deep troll (D:14)
  A spriggan druid (Swamp:4)
  A swamp dragon (Swamp:4)
  5 orb spiders (Spider:3)
  An orc sorcerer (Orc:2)
  A wolf spider (Spider:3)
  Psyche (D:9)
  2 jumping spiders (Spider:3)
  3 redbacks (Spider:3)
  3 yaks (D:9)
  2 tarantellas (Spider:3)
  An insubstantial wisp (Swamp:4)
  A warg (Orc:2)
  3 orc warriors (Orc:2)
  A swamp drake (Swamp:4)
  An iguana (D:9)
  A worker ant (D:9)
33 creatures vanquished.

Vanquished Creatures (others)
  A wolf spider (Spider:4)
  A jumping spider (Spider:3)
  A tarantella (Spider:4)
  A slave (D:9)
  An adder skeleton (D:9)
  6 briar patches (Swamp:3)
  A plant (Lair:6)
12 creatures vanquished.

Grand Total: 1247 creatures vanquished

Notes
Turn   | Place    | Note
-------+----------+-------------------------------------------
     0 | D:1      | Lavandula the Centaur Berserker began the quest for the Orb.
     0 | D:1      | Reached XP level 1. HP: 19/19 MP: 1/1
    46 | D:1      | Reached skill level 3 in Axes
   160 | D:2      | Found a shadowy altar of Dithmenos.
   166 | D:2      | Reached XP level 2. HP: 26/26 MP: 2/2
   302 | D:2      | Reached skill level 4 in Axes
   302 | D:2      | Reached XP level 3. HP: 31/31 MP: 3/3
   305 | D:2      | Reached ** piety under Trog
   490 | D:3      | Reached XP level 4. HP: 38/38 MP: 4/4
   562 | D:3      | Found a glowing golden altar of the Shining One.
   581 | D:3      | Reached skill level 5 in Axes
   588 | D:3      | Reached XP level 5. HP: 33/45 MP: 5/5
   711 | D:3      | Found a hide-covered altar of Uskayaw.
   711 | D:3      | Noticed Ijyb
   720 | D:3      | Killed Ijyb
   730 | D:3      | Noticed Jessica
   758 | D:4      | Noticed an ogre
   830 | D:4      | Killed an ogre
   830 | D:4      | Reached skill level 6 in Axes
   830 | D:4      | Reached XP level 6. HP: 39/51 MP: 6/6
   857 | D:4      | Noticed Grinder
   874 | D:4      | Killed Grinder
   874 | D:4      | Reached skill level 7 in Axes
   874 | D:4      | Reached XP level 7. HP: 57/57 MP: 7/7
  1100 | D:3      | Reached *** piety under Trog
  1291 | D:5      | Entered Level 5 of the Dungeon
  1413 | D:5      | Reached skill level 1 in Throwing
  1617 | D:6      | Reached XP level 8. HP: 31/63 MP: 8/8
  1617 | D:6      | Reached skill level 5 in Throwing
  1675 | D:6      | Found a staircase to the Ecumenical Temple.
  1687 | D:6      | Reached skill level 1 in Evocations
  2036 | D:6      | Reached skill level 8 in Axes
  2062 | D:7      | Noticed a hippogriff
  2377 | D:6      | Reached skill level 9 in Axes
  2385 | D:6      | Reached XP level 9. HP: 27/69 MP: 12/12
  2491 | D:5      | Found a runed door.
  2495 | D:5      | Noticed Crazy Yiuf
  2509 | D:5      | Killed Crazy Yiuf
  2630 | D:5      | Noticed Eustachio
  2647 | D:5      | Killed Eustachio
  2796 | D:5      | Found a sacrificial altar of Ru.
  2798 | D:5      | Noticed Edmund
  2805 | D:5      | Killed Edmund
  2805 | D:5      | Reached skill level 5 in Fighting
  2826 | D:5      | Found a shattered altar of Ashenzari.
  2896 | D:7      | Reached **** piety under Trog
  2991 | D:7      | Received a gift from Trog
  3303 | D:8      | Found Luala's Assorted Antiques.
  3309 | D:8      | Bought a murky coppery potion for 19 gold pieces
  3309 | D:8      | Bought a scroll labeled PEOTTI ZATARA for 22 gold pieces
  3309 | D:8      | Bought a glowing war axe for 143 gold pieces
  3325 | D:9      | Noticed Pikel
  3325 | D:9      | Noticed Maurice
  3355 | D:10     | Entered Level 10 of the Dungeon
  3471 | D:8      | Reached XP level 10. HP: 69/84 MP: 13/13
  3509 | D:8      | Noticed Grum
  3514 | D:8      | Received a gift from Trog
  3518 | D:8      | Killed Grum
  3567 | D:8      | Found a shimmering altar of Xom.
  3588 | D:8      | Reached skill level 10 in Axes
  3733 | D:9      | Killed Maurice
  3744 | D:9      | Killed Pikel
  3759 | D:9      | Reached skill level 11 in Axes
  3764 | D:9      | Noticed Psyche
  3771 | D:9      | Killed Psyche
  3812 | D:9      | Found a radiant altar of Vehumet.
  3812 | D:9      | Found an opulent altar of Gozag.
  3952 | D:9      | Found a stormy altar of Qazlal.
  3977 | D:9      | Reached skill level 12 in Axes
  3982 | D:9      | Reached XP level 11. HP: 91/91 MP: 14/14
  4175 | D:11     | Found a runed gate.
  4176 | D:11     | Found a runed gate.
  4177 | D:11     | Found a runed gate.
  4194 | D:11     | Noticed p0werm0de's ghost (novice VSWn)
  4531 | D:10     | Found a portal to a secret trove of treasure.
  4615 | D:11     | Noticed a deep elf mage
  4623 | D:11     | Killed a deep elf mage
  4723 | D:11     | Reached skill level 13 in Axes
  4758 | D:11     | Found a staircase to the Lair.
  4838 | D:11     | Got an iridescent hand axe
  4839 | D:11     | Identified the cursed +1 hand axe of World Downfall {speed, +Fly Str+5 Int-5 Dex+7} (You found it on level 11 of the Dungeon)
  4892 | D:13     | Noticed a deep elf mage
  5037 | D:12     | Gained mutation: Scrolls take you a little longer to read. [potion of mutation]
  5037 | D:12     | Gained mutation: You are partially covered in icy blue scales. (AC +2) [potion of mutation]
  5037 | D:12     | Gained mutation: You are partially covered in iridescent scales. (AC +2) [potion of mutation]
  5037 | D:12     | Gained mutation: Your system is resistant to poisons. (rPois) [potion of mutation]
  5097 | D:12     | Noticed a deep elf mage
  5104 | D:12     | Received a gift from Trog
  5234 | D:14     | Killed an unseen horror
  5271 | D:14     | Reached skill level 14 in Axes
  5334 | D:14     | Found a flagged portal.
  5378 | D:14     | Noticed a tengu warrior
  5378 | D:14     | Noticed a tengu warrior
  5396 | D:14     | Killed a tengu warrior
  5399 | D:14     | Killed a tengu warrior
  5409 | D:14     | Noticed a seven-headed hydra
  5454 | D:13     | Noticed a centaur warrior
  5466 | D:14     | Noticed a swamp dragon
  5473 | D:14     | Killed a swamp dragon
  5473 | D:14     | Reached XP level 12. HP: 84/97 MP: 15/15
  5492 | D:14     | Reached skill level 15 in Axes
  5568 | D:14     | Found Cymeukku's Jewellery Shop.
  5590 | D:14     | Noticed a four-headed hydra
  5696 | D:12     | Noticed Gastronok
  5729 | D:12     | Killed Gastronok
  5841 | D:11     | Found an ornate altar of the Wu Jian Council.
  5898 | D:12     | Noticed a two-headed ogre
  5903 | D:12     | Killed a two-headed ogre
  5908 | D:12     | Reached skill level 16 in Axes
  5944 | D:12     | Noticed Erolcha
  5950 | D:12     | Killed Erolcha
  6125 | D:10     | Found a staircase to the Orcish Mines.
  6198 | Orc:1    | Entered Level 1 of the Orcish Mines
  6198 | Orc:1    | Noticed an orc warlord
  6201 | Orc:1    | Reached ***** piety under Trog
  6213 | Orc:1    | Killed an orc warlord
  6213 | Orc:1    | Received a gift from Trog
  6281 | Orc:1    | Found a frozen archway.
  6290 | IceCv    | Entered an ice cave
  6673 | IceCv    | Received a gift from Trog
  6765 | IceCv    | Reached XP level 13. HP: 90/113 MP: 16/16
  6768 | IceCv    | Reached skill level 10 in Fighting
  6914 | D:10     | Received a gift from Trog
  7100 | Orc:1    | Noticed Harold
  7110 | Orc:1    | Reached skill level 5 in Armour
  7111 | Orc:1    | Killed Harold
  7176 | Orc:1    | Found Ciarusti's Antique Armour Boutique.
  7211 | Orc:1    | Found Gumav's Gadget Emporium.
  7380 | Orc:2    | Entered Level 2 of the Orcish Mines
  7583 | Orc:2    | Found a staircase to the Elven Halls.
  7670 | Orc:2    | Noticed an orc warlord
  7691 | Orc:2    | Killed an orc warlord
  7707 | Orc:2    | YES
  8114 | Orc:2    | Received a gift from Trog
  8175 | Orc:2    | Received a gift from Trog
  8254 | Orc:2    | Found Asyossoca's General Store.
  8255 | Orc:2    | Found Pullog's Jewellery Shoppe.
  8256 | Orc:2    | Found Zeggoq's Antique Armour Emporium.
  8256 | Orc:2    | Found Xexurcho's Antique Weapon Emporium.
  8295 | Orc:2    | Bought an uncursed amulet of regeneration for 360 gold pieces
  8295 | Orc:2    | Bought an uncursed ring of see invisible for 180 gold pieces
  8341 | Orc:2    | Bought a glowing scarf for 176 gold pieces
  8650 | D:15     | Entered Level 15 of the Dungeon
  8756 | D:14     | Bought the ring "Tituxih" {rF+ EV+1 Slay+3} for 532 gold pieces
  8863 | Lair:1   | Entered Level 1 of the Lair of Beasts
  9061 | Lair:2   | Reached XP level 14. HP: 117/121 MP: 17/17
  9182 | Lair:2   | Received a gift from Trog
  9388 | Lair:3   | Noticed Nergalle
  9397 | Lair:3   | Killed Nergalle
  9582 | Lair:4   | Found a staircase to the Swamp.
  9616 | Lair:5   | Found a staircase to the Slime Pits.
  9616 | Lair:5   | Found a viscous altar of Jiyva.
  9648 | Lair:6   | Entered Level 6 of the Lair of Beasts
  9669 | Lair:6   | Found a labyrinth entrance.
  9681 | Lair:6   | Reached skill level 17 in Axes
  9752 | Lab      | Entered a labyrinth
  9866 | Lab      | Identified the Reference Book on Icy Evil Secrets
  9874 | Lab      | Identified Tyd Fuaf's Tome of Glamour
  9940 | Lair:6   | Received a gift from Trog
 10357 | Swamp:1  | Entered Level 1 of the Swamp
 10370 | Swamp:1  | Reached skill level 18 in Axes
 10401 | Swamp:1  | Reached XP level 15. HP: 126/126 MP: 18/18
 10425 | Swamp:1  | Noticed Josephine
 10442 | Swamp:1  | Killed Josephine
 10442 | Swamp:1  | Reached ****** piety under Trog
 10507 | Swamp:2  | Received a gift from Trog
 10612 | Swamp:3  | Found a radiant altar of Vehumet.
 10667 | Swamp:4  | Entered Level 4 of the Swamp
 10763 | Swamp:4  | Noticed the 27-headed Lernaean hydra
 10775 | Swamp:4  | Noticed a thorn hunter
 10862 | Swamp:4  | Killed the 26-headed Lernaean hydra
 10862 | Swamp:4  | Reached skill level 19 in Axes
 10983 | Swamp:4  | Got a decaying rune of Zot
 11024 | Swamp:4  | Killed a thorn hunter
 11067 | Swamp:3  | Noticed a thorn hunter
 11098 | Swamp:3  | Killed a thorn hunter
 11269 | Lair:4   | Received a gift from Trog
 11401 | Lair:3   | Received a gift from Trog
 11482 | Lair:2   | Reached skill level 20 in Axes
 11482 | Lair:2   | Reached XP level 16. HP: 136/136 MP: 19/19
 11538 | Lair:2   | Found a hole to the Spider Nest.
 11565 | Spider:1 | Entered Level 1 of the Spider Nest
 11640 | Spider:1 | Received a gift from Trog
 11685 | Spider:1 | Reached skill level 5 in Dodging
 11798 | Spider:1 | Reached XP level 17. HP: 136/141 MP: 16/20
 12085 | Spider:3 | Received a gift from Trog
 12377 | Spider:4 | Entered Level 4 of the Spider Nest
 12628 | Spider:4 | Received a gift from Trog
 12690 | Spider:4 | Received a gift from Trog
 12748 | Spider:4 | Got a gossamer rune of Zot
 12919 | Spider:1 | Paralysed by a hornet for 3 turns
 13133 | Spider:1 | Reached skill level 15 in Fighting
 13435 | D:13     | Reached XP level 18. HP: 163/163 MP: 21/21
 13593 | D:5      | Received a gift from Trog
 13681 | D:3      | Fell from the grace of Trog
 13681 | D:3      | Became a worshipper of Uskayaw the Reveler
 13798 | D:8      | Bought a scroll of teleportation for 66 gold pieces
 13798 | D:8      | Bought a hardcover book for 330 gold pieces
 13798 | D:8      | Bought a potion of agility for 88 gold pieces
 13877 | D:14     | Reached * piety under Uskayaw
 13879 | D:14     | Reached ** piety under Uskayaw
 14040 | D:15     | Reached *** piety under Uskayaw
 14207 | D:15     | Reached **** piety under Uskayaw
 14210 | D:15     | Reached skill level 1 in Invocations
 14223 | D:15     | Found Riecuy's Book Boutique.
 14232 | D:15     | Reached ***** piety under Uskayaw
 14261 | D:15     | Found a staircase to the Depths.
 14269 | D:15     | Learned a level 1 spell: Apportation
 14273 | D:15     | Learned a level 3 spell: Regeneration
 14274 | Depths:1 | Entered Level 1 of the Depths
 14441 | Depths:2 | Found a one-way gate to the infinite horrors of the Abyss.
 14550 | Depths:1 | Reached skill level 5 in Invocations
 14828 | Depths:1 | Reached skill level 1 in Charms
 14950 | Depths:1 | Reached skill level 5 in Charms
 15078 | Depths:2 | Noticed Margery
 15083 | Depths:2 | Found a gateway to Hell.
 15085 | Depths:2 | Reached skill level 1 in Necromancy
 15088 | Depths:2 | Killed Margery
 15187 | Depths:2 | Reached skill level 1 in Spellcasting
 15404 | Depths:4 | Reached ****** piety under Uskayaw
 15407 | Depths:4 | Noticed Xtahua
 15416 | Depths:4 | Found a glowing silver altar of Zin.
 15443 | Depths:4 | Noticed a lich
 15455 | Depths:4 | Killed a lich
 15488 | Depths:4 | Noticed a Brimstone Fiend
 15530 | Depths:3 | Reached skill level 5 in Spellcasting
 15766 | D:14     | Bought the ring "Fasmogut" {rElec rPois Str+2} for 687 gold pieces
 15996 | Slime:1  | Entered Level 1 of the Pits of Slime
 16017 | Slime:1  | Reached XP level 19. HP: 160/172 MP: 26/28
 16017 | Slime:1  | Gained mutation: Your body sometimes deteriorates upon taking damage. [a shining eye]
 16165 | Slime:5  | Entered Level 5 of the Pits of Slime
 16212 | Slime:5  | Noticed the Royal Jelly
 16217 | Slime:5  | Noticed Dissolution
 16301 | Slime:4  | Killed Dissolution
 16447 | Slime:4  | Gained mutation: Your body often deteriorates upon taking damage. [a shining eye]
 16634 | Slime:5  | Killed the Royal Jelly
 16637 | Slime:5  | Slain by an azure jelly

Skill      XL: |  1  2  3  4  5  6  7  8  9 10 11 12 13 14 15 16 17 18 19 |
---------------+----------------------------------------------------------+-----
Axes           | 3 4 5 6 7 9 12 14 16 18 20 | 20.0
Throwing       | 4 5 |  5.5
Evocations     | 4 |  4.1
Fighting       | 6 9 10 15 16 | 16.3
Armour         | 4 9 |  9.5
Dodging        | 3 4 5 6 |  6.1
Invocations    | 5 11 | 11.3
Charms         | 5 |  5.2
Necromancy     | 4 |  4.2
Spellcasting   | 6 |  6.2

Action                   |  1- 3 |  4- 6 |  7- 9 | 10-12 | 13-15 | 16-18 | 19-21 || total
-------------------------+-------+-------+-------+-------+-------+-------+-------++-------
Melee: Hand axe          |    64 |    73 |   277 |       |       |       |       ||   414
       Kick              |    11 |    19 |    71 |   102 |   254 |   269 |    63 ||   789
       War axe           |       |       |    55 |   414 |   681 |    16 |       ||  1166
       Battleaxe         |       |       |       |       |   205 |   794 |   129 ||  1128
Throw: Javelin           |       |       |    25 |    12 |     6 |     1 |       ||    44
Invok: Berserk           |     3 |     4 |    16 |    23 |    13 |     3 |       ||    62
       Trog's Hand       |       |     4 |    10 |     2 |     6 |       |       ||    22
       Brothers in Arms  |       |       |       |     5 |     7 |     5 |       ||    17
Evoke: Wand              |       |       |     2 |    10 |     2 |       |       ||    14
  Use: Potion            |       |     3 |     2 |     1 |     5 |     5 |       ||    16
       Scroll            |       |     3 |    10 |    14 |    13 |    14 |     2 ||    56
 Stab: Invisible         |       |     2 |       |       |       |       |       ||     2
       Paralysed         |       |       |       |     6 |       |    35 |    18 ||    59
       Distracted        |       |       |       |       |       |     1 |       ||     1
       Petrifying        |       |       |       |       |       |     1 |       ||     1
       Petrified         |       |       |       |       |       |     1 |       ||     1
  Eat: Chunk             |       |     5 |    18 |    13 |    29 |    12 |       ||    77
       Ration            |       |       |     3 |     8 |     2 |     4 |     1 ||    18
Armor: Animal skin       |    30 |     6 |       |       |       |       |       ||    36
       Ring mail         |       |    22 |    81 |       |       |       |       ||   103
       Plate armour      |       |       |    99 |   325 |   665 |   779 |       ||  1868
       Acid dragon scale |       |       |       |       |       |    19 |   106 ||   125
Dodge: Dodged            |    42 |    45 |   128 |    76 |   274 |   402 |    88 ||  1055
